 Dungeon Crawl Stone Soup version 0.30-a0-347-gf58ed5266c (webtiles) character file.

Game seed: 10224332465238471218

11409 mopl the Thaumaturge (level 11, -1/81 HPs)
             Began as a Purple Draconian Fire Elementalist on Nov 6, 2022.
             Was a Priest of Vehumet.
             Slain by a boulder beetle (49 damage)
             ... on level 1 of the Lair of Beasts.
             The game lasted 00:29:29 (11794 turns).

mopl the Thaumaturge (DrFE)                        Turns: 11794, Time: 00:29:30

Health: -1/81      AC:  9    Str: 10    XL:     11   Next: 48%
Magic:  8/26       EV: 12    Int: 26    God:    Vehumet [***...]
Gold:   613        SH:  3    Dex: 12    Spells: 13/32 levels left

rFire   + . .      SeeInvis .    a - staff of conjuration
rCold   . . .      Faith    .    U - +0 buckler
rNeg    . . .      Spirit   .    (body armour unavailable)
rPois   .          Reflect  .    (helmet restricted)
rElec   .          Harm     .    A - +0 cloak
rCorr   .          Rampage  .    (no gloves)
Will    +....                    s - +0 pair of boots
Stlth   ++........               (no amulet)
HPRegen 0.33/turn                f - +6 ring of intelligence
MPRegen 0.20/turn                E - ring of protection from fire

@: no status effects
A: breathe power, AC +7, unfitting armour, cold-blooded
a: Breathe Dispelling Energy, Renounce Religion


You were on level 1 of the Lair of Beasts.
You worshipped Vehumet.
Vehumet was most pleased with you.
You visited 3 branches of the dungeon, and saw 13 of its levels.

You collected 613 gold pieces.

Inventory:

Missiles
 w - a throwing net
 z - 22 poisoned darts
 G - 7 boomerangs
 S - a curare-tipped dart
Armour
 s - a +0 pair of boots (worn)
 A - a +0 cloak (worn)
 U - a +0 buckler (worn)
Magical Staves
 a - a staff of conjuration (weapon)
 b - a staff of poison
Jewellery
 c - a ring of flight
 f - a +6 ring of intelligence (left hand)
 E - a ring of protection from fire (right hand)
 F - a ring of poison resistance
Wands
 y - a wand of flame (47)
 B - a wand of light (19)
 K - a wand of iceblast (15)
 N - a wand of mindburst (10)
 V - a wand of polymorph (6)
 W - a wand of paralysis (6)
Scrolls
 d - a scroll of identify
 e - 6 scrolls of magic mapping {unknown}
 j - a scroll of brand weapon {unknown}
 m - 5 scrolls of fear {unknown}
 n - 2 scrolls of noise {unknown}
 o - 2 scrolls of vulnerability {unknown}
 p - 2 scrolls of poison {unknown}
 q - 4 scrolls of teleportation
 r - a scroll of blinking {unknown}
 t - 2 scrolls of acquirement {unknown}
 u - 3 scrolls of amnesia {unknown}
 v - 3 scrolls of enchant weapon {unknown}
 x - a scroll of silence {unknown}
 J - a scroll of summoning {unknown}
 O - a scroll of immolation
 P - a scroll of fog {unknown}
Potions
 g - a potion of ambrosia
 h - a potion of magic
 i - a potion of resistance
 k - a potion of lignification {!q}
 l - 4 potions of brilliance
 C - a potion of heal wounds
 H - 2 potions of curing
 L - 3 potions of flight
 M - a potion of might {unknown}
 T - 3 potions of attraction {unknown}
 X - a potion of mutation {unknown}
Miscellaneous
 Q - a piece from Xom's chessboard (15/15)


   Skills:
 + Level 2.7 Fighting
 + Level 4.9 Staves
 + Level 3.0 Dodging
 - Level 1.7 Stealth
 * Level 11.0 Spellcasting
 * Level 9.7 Conjurations
 - Level 3.0 Translocations
 + Level 6.8 Fire Magic
 - Level 3.0 Air Magic
 + Level 2.1 Poison Magic
 + Level 7.2 Evocations


You had 13 spell levels left.
You knew the following spells:

 Your Spells              Type           Power      Damage    Failure   Level
a - Foxfire               Conj/Fire      100%       2x1d9     1%          1
b - Scorch                Fire           98%        2d9       1%          2
c - Mephitic Cloud        Conj/Pois/Air  57%        N/A       1%          3
d - Flame Wave            Conj/Fire      72%        2d16      1%          4
e - Blink                 Tloc           58%        N/A       2%          2
f - Kindle Blastsparks    Fire/Tloc/Air  72%        2d16      1%          3
o - Olgreb's Toxic Radia  Pois           25%        N/A       7%          4

Your spell library contained the following spells:

 Spells                   Type           Power      Damage    Failure   Level
 Iskenderun's Mystic Bla  Conj/Tloc      63%        2d13      1%          4
 Momentum Strike          Conj/Tloc      100%       3d10      1%          2
 Poisonous Vapours        Pois/Air       54%        N/A       1%          2
 Inner Flame              Hex/Fire       32%        N/A       1%          3
 Sting                    Tmut/Pois      76%        1d6       3%          1
 Frozen Ramparts          Ice            28%        1d5       4%          3
 Gell's Gravitas          Tloc           29%        N/A       4%          3
 Lesser Beckoning         Tloc           58%        N/A       4%          3
 Teleport Other           Tloc           29%        N/A       4%          3
 Animate Dead             Necr           14%        N/A       50%         4
 Ice Form                 Ice/Tmut       14%        N/A       50%         4
 Summon Ice Beast         Ice/Summ       14%        N/A       50%         4
 Borgnjor's Vile Clutch   Necr/Erth      7%         N/A       83%         5
 Dispersal                Tloc           14%        N/A       94%         6
 Death Channel            Necr           7%         N/A       100%        6


Dungeon Overview and Level Annotations

Branches:
Dungeon (11/15)            Temple (1/1) D:5            Lair (1/5) D:9
    Orc (0/2) D:10

Altars:
Ashenzari
Cheibriados
Dithmenos
Elyvilon
Fedhas
Gozag
Hepliaklqana
Kikubaaqudgha
Makhleb
Nemelex Xobeh
Okawaru
Qazlal
Ru
Sif Muna
Trog
Uskayaw
Vehumet
Wu Jian
Xom
Yredelemnul
Zin
The Shining One

Shops:
D:9 *   D:11 (


Innate Abilities, Weirdness & Mutations

You can breathe bolts of dispelling energy.
Your rich purple scales are hard. (AC +7)
You cannot fit into any form of body armour.
You are cold-blooded and may be slowed by cold attacks.


Message History

Vehumet accepts your kill.
You feel your power returning.
Your Spellcasting skill increases to level 11!
You can't see any susceptible monsters within range! (Use Z to cast anyway.)
You can't see any susceptible monsters within range! (Use Z to cast anyway.)
Your magical contamination has completely faded away.
Found a stone staircase leading down.
You now have 613 gold pieces (gained 18).
HP restored.
A boulder beetle comes into view.
Casting: Scorch (safe; 1% risk of failure)
Confirm with . or Enter, or press ? or * to list all spells.
You miscast Olgreb's Toxic Radiance.
You are very lightly contaminated with residual magic.
Nothing appears to happen.
Casting: Olgreb's Toxic Radiance (dangerous; 7% risk of failure)
Confirm with . or Enter, or press ? or * to list all spells.
You begin to radiate toxic energy.
The boulder beetle is poisoned.
The boulder beetle looks even sicker.
Unknown command.
The boulder beetle leaps!
Your toxic aura wanes.
Casting: Olgreb's Toxic Radiance (dangerous; 7% risk of failure)
Confirm with . or Enter, or press ? or * to list all spells.
You begin to radiate toxic energy.
The boulder beetle looks even sicker.
The boulder beetle looks as sick as possible!
The boulder beetle curls into a ball and begins rolling!
Unknown command.
Your magical contamination has completely faded away.
Your toxic aura wanes.
The boulder beetle attacks as you move away!
The boulder beetle hits you!!
The boulder beetle stops rolling and uncurls.
The boulder beetle curls into a ball and begins rolling!
Flames lash the boulder beetle.
The boulder beetle is almost dead.
The boulder beetle's fire resistance burns away.
The boulder beetle hits you!!!
Ouch! That really hurt!
You die...

..........>........#
...................#
+##.P.............[#
###......##..+##.#
#...###.#.#....#
#...##......##.#
#...##......##.#
#...##......#P.#
#@..##.........##
#B..##......##.P#
#○..##......##.##
####+#####...##..#####P.#
.....°°B○....###+###.##.#
............>...........##
.........................#
..○.....................##
#..###.###.............#


You could see a boulder beetle (rolling, very poisoned, combustible).

Vanquished Creatures
  4 two-headed ogres
  A cyclops (D:11)
  A manticore (D:11)
  A gargoyle (D:10)
  A komodo dragon (Lair:1)
  2 trolls
  4 blink frogs (Lair:1)
  A wyvern (D:4)
  4 yaks (D:11)
  Eustachio (D:4)
  A human (D:3)
  Grum (D:11)
  2 steam dragons
  Menkaure (D:5)
  3 wargs
  A water moccasin (D:8)
  Duvessa (D:7)
  An ice beast (D:6)
  4 orc warriors
  An ogre (D:10)
  6 wolves
  4 centaurs
  3 kobold brigands (D:10)
  Blork the orc (D:4)
  2 bullfrogs
  A necrophage (D:4)
  6 gnoll sergeants
  5 scorpions
  9 wights
  Dowan (D:7)
  11 killer bees (D:11)
  A howler monkey (D:5)
  A hound (D:7)
  6 orc priests
  Crazy Yiuf (D:5)
  3 jellies
  A gnoll bouda (D:4)
  Terence (D:3)
  4 iguanas
  8 orc wizards
  A mummy (D:10)
  13 gnolls
  11 adders
  A shadow imp (D:6)
  A white imp (D:8)
  2 ufetubi
  5 worms
  3 dart slugs
  34 orcs
  8 ball pythons
  5 bats
  9 endoplasms
  3 giant cockroaches
  5 goblins
  14 hobgoblins
  4 jackals
  9 kobolds
  5 quokkas
  2 frilled lizards (D:2)
  A rat (D:3)
  A bush (D:10)
248 creatures vanquished.

Vanquished Creatures (others)
  20 foxfires
  A plant (Lair:1)
21 creatures vanquished.

Grand Total: 269 creatures vanquished

Notes
Turn   | Place    | Note
-------+----------+-------------------------------------------
     0 | D:1      | mopl the Draconian Fire Elementalist began the quest for
                  | the Orb.
     0 | D:1      | Reached XP level 1. HP: 14/14 MP: 3/3
    13 | D:1      | Found a faded altar of an unknown god.
   218 | D:2      | Reached XP level 2. HP: 15/20 MP: 1/5
   258 | D:2      | Learned a level 2 spell: Scorch
   410 | D:1      | Reached skill level 2 in Conjurations
   636 | D:1      | Reached XP level 3. HP: 26/26 MP: 1/7
  1452 | D:2      | Reached skill level 3 in Spellcasting
  1512 | D:2      | Reached XP level 4. HP: 33/33 MP: 3/8
  1770 | D:2      | Learned a level 2 spell: Blink
  1951 | D:3      | Found a runed translucent door.
  1951 | D:3      | Noticed a human
  2172 | D:3      | Found a hide-covered altar of Uskayaw.
  2175 | D:3      | Found a shadowy altar of Dithmenos.
  2179 | D:3      | Reached skill level 1 in Evocations
  2181 | D:3      | Noticed Terence
  2189 | D:3      | Reached skill level 1 in Staves
  2264 | D:3      | Killed Terence
  2490 | D:3      | Reached skill level 3 in Conjurations
  2490 | D:3      | Reached skill level 1 in Translocations
  2490 | D:3      | Reached XP level 5. HP: 36/38 MP: 1/10
  2848 | D:3      | Found a basalt altar of Yredelemnul.
  2921 | D:3      | Killed a human
  2922 | D:3      | Reached XP level 6. HP: 45/45 MP: 0/11
  3105 | D:4      | Noticed Eustachio
  3208 | D:4      | Reached skill level 2 in Staves
  3208 | D:4      | Reached skill level 4 in Spellcasting
  3208 | D:4      | Reached skill level 2 in Evocations
  3485 | D:4      | Killed Eustachio
  3486 | D:4      | Reached skill level 4 in Conjurations
  3486 | D:4      | Reached skill level 2 in Translocations
  3486 | D:4      | Your scales start taking on a rich purple colour.
  3486 | D:4      | Reached skill level 5 in Spellcasting
  3486 | D:4      | Reached XP level 7. HP: 43/50 MP: 2/14
  3530 | D:4      | Found an ornate altar of the Wu Jian Council.
  3541 | D:4      | Found a broken altar of Ashenzari.
  3592 | D:4      | Noticed Blork the orc
  3745 | D:4      | Killed Blork the orc
  3863 | D:4      | Noticed a wyvern
  3966 | D:4      | Reached skill level 3 in Evocations
  4154 | D:4      | Killed a wyvern
  4155 | D:4      | Reached skill level 6 in Spellcasting
  4155 | D:4      | Reached skill level 5 in Conjurations
  4229 | D:4      | Reached skill level 3 in Staves
  4398 | D:5      | Entered Level 5 of the Dungeon
  4398 | D:5      | Noticed Menkaure
  4403 | D:5      | Killed Menkaure
  4404 | D:5      | Reached XP level 8. HP: 30/57 MP: 12/17
  4651 | D:5      | Found a staircase to the Ecumenical Temple.
  4759 | D:5      | Found a runed translucent door.
  4760 | D:5      | Noticed Crazy Yiuf
  4839 | D:5      | Found a blossoming altar of Fedhas.
  5011 | D:5      | Killed Crazy Yiuf
  5102 | D:6      | Reached skill level 4 in Fire Magic
  5138 | Temple   | Entered the Ecumenical Temple
  5173 | Temple   | Became a worshipper of Vehumet
  5214 | D:6      | Found a hazy altar of Hepliaklqana.
  5251 | D:6      | Found a shimmering blue altar of Sif Muna.
  5256 | D:6      | Reached skill level 4 in Evocations
  5321 | D:6      | Reached skill level 7 in Spellcasting
  5343 | D:6      | Reached skill level 6 in Conjurations
  5948 | D:7      | Reached skill level 4 in Staves
  6047 | D:7      | Learned a level 4 spell: Flame Wave
  6051 | D:7      | Learned a level 3 spell: Kindle Blastsparks
  6088 | D:7      | Reached XP level 9. HP: 62/62 MP: 13/20
  6179 | D:7      | Noticed Duvessa
  6181 | D:7      | Noticed Dowan
  6183 | D:7      | Killed Duvessa
  6183 | D:7      | Reached * piety under Vehumet
  6183 | D:7      | Offered knowledge of Freeze by Vehumet.
  6187 | D:7      | Killed Dowan
  6375 | D:6      | HP: 1/60 [wight/+3 great sword of freezing (7)]
  6587 | D:7      | Reached skill level 1 in Air Magic
  6983 | D:8      | Found an opulent altar of Gozag.
  7028 | D:8      | Reached skill level 8 in Spellcasting
  7160 | D:8      | Noticed a two-headed ogre
  7421 | D:8      | Found a sacrificial altar of Ru.
  7437 | D:8      | Found a glowing golden altar of the Shining One.
  7767 | D:8      | Killed a two-headed ogre
  7768 | D:8      | Reached skill level 7 in Conjurations
  7768 | D:8      | Reached skill level 3 in Translocations
  7768 | D:8      | Reached skill level 5 in Fire Magic
  7768 | D:8      | Reached skill level 2 in Air Magic
  7768 | D:8      | Reached skill level 5 in Evocations
  8236 | D:9      | Noticed a troll
  8262 | D:9      | Killed a troll
  8263 | D:9      | Reached skill level 9 in Spellcasting
  8265 | D:9      | Reached XP level 10. HP: 48/69 MP: 8/23
  8489 | D:9      | Reached skill level 8 in Conjurations
  8657 | D:9      | Found an iron altar of Okawaru.
  8820 | D:9      | Found a staircase to the Lair.
  8841 | D:9      | Found Oviphol's Lightly-Used Armoury.
  8990 | D:10     | Entered Level 10 of the Dungeon
  9023 | D:10     | Offered knowledge of Sandblast by Vehumet.
  9024 | D:10     | Noticed a two-headed ogre
  9162 | D:10     | Reached ** piety under Vehumet
  9168 | D:10     | Reached skill level 6 in Evocations
  9665 | D:10     | Killed a two-headed ogre
  9666 | D:10     | Reached skill level 10 in Spellcasting
  9666 | D:10     | Reached skill level 6 in Fire Magic
  9895 | D:10     | Offered knowledge of Mephitic Cloud by Vehumet.
  9909 | D:10     | Learned a level 3 spell: Mephitic Cloud
 10094 | D:10     | Noticed a gargoyle
 10111 | D:10     | Killed a gargoyle
 10112 | D:10     | Reached skill level 2 in Dodging
 10112 | D:10     | Reached skill level 9 in Conjurations
 10306 | D:10     | Found a snail-covered altar of Cheibriados.
 10329 | D:10     | Reached skill level 1 in Fighting
 10407 | D:10     | Found a staircase to the Orcish Mines.
 10597 | D:11     | Noticed a two-headed ogre
 10606 | D:11     | Killed a two-headed ogre
 10606 | D:11     | Reached *** piety under Vehumet
 10784 | D:11     | Found Zaoqif's Antique Weapon Shop.
 10803 | D:11     | Noticed a cyclops
 10851 | D:11     | Killed a cyclops
 10852 | D:11     | Reached skill level 1 in Poison Magic
 10852 | D:11     | Reached XP level 11. HP: 78/78 MP: 11/25
 11125 | D:11     | Identified the +0 ring mail of the Gardener {Will+ Dex+3}
 11141 | D:11     | Reached skill level 2 in Fighting
 11147 | D:11     | Reached skill level 7 in Evocations
 11252 | D:11     | Noticed Grum
 11461 | D:11     | Offered knowledge of Iskenderun's Mystic Blast by Vehumet.
 11476 | D:11     | Killed Grum
 11502 | D:11     | Noticed a two-headed ogre
 11520 | D:11     | Killed a two-headed ogre
 11650 | D:11     | Learned a level 4 spell: Olgreb's Toxic Radiance
 11681 | Lair:1   | Entered Level 1 of the Lair of Beasts
 11686 | Lair:1   | Reached skill level 3 in Air Magic
 11687 | Lair:1   | Reached skill level 2 in Poison Magic
 11697 | Lair:1   | Reached skill level 3 in Dodging
 11764 | Lair:1   | Reached skill level 11 in Spellcasting
 11779 | Lair:1   | Noticed a boulder beetle
 11794 | Lair:1   | Slain by a boulder beetle

Illustrated notes

Levels and vault maps discovered:
D:1:      minmay_arrival_shattered_statue, layout_basic,
          hellmonk_ecumenical_altar_blasted
D:2:      layout_loops_ring, minmay_diced_spiral
D:3:      layout_loops_corners, dk_yredelemnul_ordeal, nicolae_overflow_squiral,
          uniq_terence
D:4:      layout_basic, amethyst_overflow_temple_binary, uniq_blork_the_orc,
          uniq_eustachio
D:5:      layout_cave_pools, fedhas_ov_isle_minmay,
          minmay_temple_entry_from_below_a, minmay_misc_feat_iff, uniq_menkaure,
          uniq_crazy_yiuf_cottage
D:6:      layout_basic, lemuel_round_altar, overflow_temple_1_default
D:7:      layout_basic, uniq_duvessa
D:8:      layout_cave_pools, nicolae_tso_swordbearing_angel,
          grunt_gozag_statues, kennysheep_little_box
D:9:      layout_big_octagon, mainiacjoe_overflow_catwalk,
          erik_lair_orcish_takeover, nicolae_wwwww, minmay_shop_damaged
D:10:     layout_loops_ring, slow_altar_1,
          kennysheep_orc_monster_closet_entryway, kb_lookout_dungeons_type
D:11:     layout_long_grid, serial_shops,
          nicolae_shop_temple_entry_statues_fountains,
          minmay_misc_feat_enclosed, uniq_grum
Temple:   nicolae_temple_cloud_nine
Lair:1:   layout_regular_city

Skill      XL: |  1  2  3  4  5  6  7  8  9 10 11 |
---------------+----------------------------------+-----
Conjurations   | 2 3 4 5 6 7 9 |  9.7
Spellcasting   | 3 5 6 7 9 10 11 | 11.0
Evocations     | 1 2 3 4 5 6 7 |  7.2
Staves         | 1 2 3 4 |  4.9
Translocations | 1 2 3 |  3.0
Fire Magic     | 4 5 6 |  6.8
Air Magic      | 2 3 |  3.0
Dodging        | 2 3 |  3.0
Fighting       | 1 2 |  2.7
Poison Magic   | 1 2 |  2.1
Stealth        | |  1.7

Action                   |  1- 3 |  4- 6 |  7- 9 | 10-12 || total
-------------------------+-------+-------+-------+-------++-------
Melee: Short sword       |    20 |       |       |       ||    20
       Unarmed           |     5 |       |       |       ||     5
       Tailslap          |     6 |     4 |     2 |    15 ||    27
       Staff             |    37 |    44 |    16 |    60 ||   157
       Punch             |       |       |       |     3 ||     3
 Cast: Foxfire           |    13 |       |       |       ||    13
       Scorch            |    27 |    59 |   183 |   133 ||   402
       Kindle Blastspark |       |       |    13 |    50 ||    63
       Blink             |       |       |     1 |     3 ||     4
       Flame Wave        |       |       |     1 |     3 ||     4
       Olgreb's Toxic Ra |       |       |       |     4 ||     4
Evoke: Wand              |       |       |     1 |     2 ||     3
       Piece from Xom's  |       |       |       |     1 ||     1
  Use: Scroll            |       |       |     7 |     2 ||     9
 Stab: Sleeping          |     1 |       |       |       ||     1
Armor: Skin              |    34 |    24 |    34 |    33 ||   125
Dodge: Dodged            |    85 |    54 |    73 |    60 ||   272
Block: Buckler           |       |       |       |     8 ||     8

Table legend: (Time is in decaauts)
 A = Elapsed time spent in this place.
 B = Non-inter-level travel time spent in this place.
 C = Inter-level travel time spent in this place.
 D = Time resting spent in this place.
 E = Time spent auto-exploring this place.
 F = Levels seen in this place.
 G = Mean time per level.
                   A        B        C        D        E       F      G
               +--------+--------+--------+--------+--------+-----+--------+
         Total |  11829 |  11139 |    690 |   2660 |   6006 |  13 |  909.9 |
       Dungeon |  11673 |  10991 |    682 |   2660 |   5913 |  11 | 1061.2 |
        Temple |     42 |     35 |      7 |      0 |     33 |   1 |   42.0 |
          Lair |    112 |    112 |      0 |      0 |     60 |   1 |  112.0 |
               +--------+--------+--------+--------+--------+-----+--------+

Top non-repeatable levels by time:
     D:3: 1393 daAuts
     D:7: 1246 daAuts
     D:4: 1214 daAuts
    D:10: 1157 daAuts
     D:8: 1121 daAuts
     D:9: 1092 daAuts
    D:11: 1050 daAuts
     D:1: 1046 daAuts
     D:6: 825 daAuts
     D:5: 766 daAuts
     D:2: 759 daAuts
  Lair:1: 112 daAuts
  Temple: 42 daAuts
